 Dungeon Crawl Stone Soup version 0.27-a0-828-g8289197e94 (webtiles) character file.

Game seed: 5633265954653722624

793 dickylongcocking the Slasher (level 7, 0/49 HPs)
             Began as a Djinni Gladiator on Mar 31, 2021.
             Was a Follower of Makhleb.
             Slain by a black bear (3 damage)
             ... on level 6 of the Dungeon.
             The game lasted 00:06:01 (7951 turns).

dickylongcocking the Slasher (Djinni Gladiator)     Turns: 7951, Time: 00:06:02

Health: 0/49       AC:  5    Str: 12 (13) XL:     7   Next: 88%
Gold:   185        EV: 13    Int: 11      God:    Makhleb [*.....] SH:  0 Dex: 19 (21)

rFire    + + .     SeeInvis .   a - +0 long sword
rCold    x . .     Faith    .   (no shield)
rNeg     . . .     Spirit   .   b - +0 leather armour
rPois    ∞         Reflect  .   c - +0 helmet
rElec    .         Harm     .   e - +0 cloak
rCorr    .         Rampage  .   (no gloves)
Will     .....                  (boots unavailable)
Stlth    +.........             (no amulet)
HPRegen  0.16/turn              d - +6 ring of dexterity
MPRegen  0.00/turn              (no ring)

@: flying, studying Short Blades
A: fire resistance 2, cold vulnerability 1, float, innate caster, hp casting,
extra vitality 1
a: Renounce Religion


You were on level 6 of the Dungeon.
You worshipped Makhleb.
Makhleb was aware of your devotion.
You visited 1 branch of the dungeon, and saw 6 of its levels.

You collected 185 gold pieces.

Inventory:

Hand Weapons
 a - a +0 long sword (weapon)
Armour
 b - a +0 leather armour (worn)
 c - a +0 helmet (worn)
 e - a +0 cloak (worn)
Jewellery
 d - a +6 ring of dexterity (left hand)
Wands
 f - a wand of digging (4)
Scrolls
 g - 5 scrolls of identify {unknown}
 i - a scroll of teleportation
 l - a scroll of vulnerability {unknown}
 n - a scroll of enchant weapon {unknown}
 o - 2 scrolls of brand weapon {unknown}
 p - a scroll of silence {unknown}


   Skills:
 - Level 2.0 Fighting
 * Level 7.4 Long Blades
 - Level 1.5 Throwing
 - Level 3.2 Dodging
 - Level 3.1 Spellcasting


You had 7 spell levels left.
You knew the following spells:

 Your Spells              Type           Power      Damage    Failure   Level
a - Magic Dart            Conj           32%        1d4       10%         1
b - Swiftness             Air            8%         N/A       14%         2
p - Poisonous Vapours     Pois/Air       16%        N/A       14%         2
Your spell library was empty.

Dungeon Overview and Level Annotations

Branches:
Dungeon (6/15)             Temple (0/1) D:4

Altars:
Ashenzari
Kikubaaqudgha
Makhleb
Nemelex Xobeh

Annotations:
D:5 3 runed translucent doors, Shayle's ghost, novice DjMo


Innate Abilities, Weirdness & Mutations

You are immune to poison.
Your flesh is very heat resistant. (rF++)
You are vulnerable to cold. (rC-)
You float through the air rather than walking.
You learn spells naturally, not from books.
Your magical power is your life essence.
You have superior vitality. (+4 HP)


Message History

You hit the black bear but do no damage.
The black bear is heavily wounded.
The black bear bites you. The black bear completely misses you.
The black bear barely misses you.
You closely miss the black bear.
The black bear is heavily wounded.
The black bear barely misses you. x3
You hit the black bear.
The black bear is severely wounded.
The black bear bites you.
The black bear claws you but does no damage. x2
You hit the black bear but do no damage.
The black bear is severely wounded.
The black bear bites you but does no damage.
The black bear barely misses you.
The black bear claws you but does no damage.
You hit the black bear.
The black bear is severely wounded.
The black bear closely misses you.
The black bear claws you but does no damage.
The black bear claws you.
You barely miss the black bear.
The black bear is severely wounded.
The black bear bites you. The black bear claws you.
* * * LOW HITPOINT WARNING * * *
The black bear claws you.
* * * LOW HITPOINT WARNING * * *
You hit the black bear.
The black bear is severely wounded.
The black bear bites you.
* * * LOW HITPOINT WARNING * * *
The black bear closely misses you. The black bear barely misses you.
You hit the black bear.
The black bear is almost dead.
The black bear bites you.
* * * LOW HITPOINT WARNING * * *
The black bear claws you.
* * * LOW HITPOINT WARNING * * *
The black bear claws you.
You die...

########.#
.........######.. #
..######......... #.
#. #.######.#
#.##.######.######.#
#..................#
....#####.########
#h.# #.# #.@#####.#
#........#
#...............
##########.##### .#
#


You could see a black bear.

Vanquished Creatures
  An ogre (D:5)
  A necrophage (D:5)
  2 phantoms
  A kobold brigand (D:2)
  2 scorpions (D:4)
  A hound (D:4)
  A jelly (D:5)
  2 iguanas (D:5)
  4 gnolls (D:4)
  4 adders
  An ufetubus (D:4)
  A worm (D:3)
  2 dart slugs
  8 orcs
  9 endoplasms
  3 giant cockroaches
  4 goblins
  3 hobgoblins
  10 jackals
  4 quokkas
  10 ball pythons
  6 bats
  4 frilled lizards
  6 kobolds
  3 rats
93 creatures vanquished.

Notes
Turn   | Place    | Note
-------+----------+-------------------------------------------
     0 | D:1      | dickylongcocking the Djinni Gladiator began the quest for
                  | the Orb.
     0 | D:1      | Reached XP level 1. HP: 18/18 MP: 0/0
    62 | D:1      | Reached skill level 3 in Long Blades
   206 | D:1      | Reached XP level 2. HP: 23/23 MP: 0/0
   472 | D:1      | Reached XP level 3. HP: 13/28 MP: 0/0
   472 | D:1      | Learned a level 1 spell: Magic Dart
  1533 | D:2      | Found a burning altar of Makhleb.
  1534 | D:2      | Found a sparkling altar of Nemelex Xobeh.
  1540 | D:2      | Reached skill level 4 in Long Blades
  1555 | D:2      | Became a worshipper of Makhleb the Destroyer
  2354 | D:2      | Reached XP level 4. HP: 30/33 MP: 0/0
  2445 | D:2      | Noticed a kobold brigand
  2461 | D:2      | Killed a kobold brigand
  2462 | D:2      | Reached skill level 1 in Spellcasting
  2462 | D:2      | Reached XP level 5. HP: 5/38 MP: 0/0
  2462 | D:2      | Learned a level 2 spell: Poisonous Vapours
  3326 | D:3      | Reached * piety under Makhleb
  3850 | D:4      | Reached skill level 5 in Long Blades
  4116 | D:4      | Reached XP level 6. HP: 27/43 MP: 0/0
  5312 | D:4      | Identified a scroll of acquirement
  5312 | D:4      | Acquired a manual of Short Blades
  5565 | D:4      | Reached skill level 6 in Long Blades
  5565 | D:4      | Reached XP level 7. HP: 13/49 MP: 0/0
  5565 | D:4      | Learned a level 2 spell: Swiftness
  5920 | D:4      | Found a staircase to the Ecumenical Temple.
  6052 | D:5      | Entered Level 5 of the Dungeon
  6052 | D:5      | Found a broken altar of Ashenzari.
  6173 | D:5      | Found a runed translucent gate.
  6173 | D:5      | Found a runed translucent gate.
  6174 | D:5      | Found a runed translucent gate.
  6176 | D:5      | Noticed Shayle's ghost (novice DjMo)
  6814 | D:5      | Reached skill level 7 in Long Blades
  7951 | D:6      | Slain by a black bear

Illustrated notes

Levels and vault maps discovered:
D:1:      wander_arrival_fairy_ring, layout_basic
D:2:      layout_loops_ring, gammafunk_temple_overflow_pools
D:3:      layout_basic, kennysheep_boxes
D:4:      layout_loops_ring, kiku_gazebo_pond_becter,
          minmay_temple_entry_statues_fountains, nrook_mini_backslash
D:5:      layout_rooms, gammafunk_ghost_split, basic_altar,
          corexii_hall_statues_s
D:6:      layout_loops_ring, nicolae_hepliaklqana_monster_ancestors,
          minmay_misc_feat_chi

Skill      XL: |  1  2  3  4  5  6  7 |
---------------+----------------------+-----
Long Blades    | 3 4 5 6 7 |  7.4
Spellcasting   | 1 2 3 |  3.1
Fighting       | |  2.0
Throwing       | |  1.5
Dodging        | |  3.2

Action                   |  1- 3 |  4- 6 |  7- 9 || total
-------------------------+-------+-------+-------++-------
Melee: Long sword        |   124 |   119 |    87 ||   330
Throw: Throwing net      |       |     4 |     3 ||     7
 Cast: Magic Dart        |     1 |    10 |       ||    11
       Poisonous Vapours |       |    23 |       ||    23
  Use: Potion            |     1 |     6 |       ||     7
       Scroll            |       |     2 |     3 ||     5
 Stab: Sleeping          |     1 |       |       ||     1
       Held in net/web   |       |       |     2 ||     2
Armor: Leather armour    |    46 |    42 |    24 ||   112
Dodge: Dodged            |    94 |    94 |    88 ||   276
       Rpst.: Long sword |    33 |    31 |    26 ||    90

Table legend: (Time is in decaauts)
 A = Elapsed time spent in this place.
 B = Non-inter-level travel time spent in this place.
 C = Inter-level travel time spent in this place.
 D = Time resting spent in this place.
 E = Time spent auto-exploring this place.
 F = Levels seen in this place.
 G = Mean time per level.
                   A        B        C        D        E       F      G
               +--------+--------+--------+--------+--------+-----+--------+
         Total |   7979 |   7817 |    162 |   2442 |   4488 |   6 | 1329.8 |
       Dungeon |   7979 |   7817 |    162 |   2442 |   4488 |   6 | 1329.8 |
               +--------+--------+--------+--------+--------+-----+--------+

Top non-repeatable levels by time:
     D:4: 2220 daAuts
     D:2: 1663 daAuts
     D:1: 1367 daAuts
     D:5: 1269 daAuts
     D:3: 997 daAuts
     D:6: 461 daAuts
